Map: Turbo Cruise '84 LE

Players

Mez - Winner!

  • Race: Terran Terran
  • League: Master
  • Spawn Location: 7:00

Anextacy

  • Race: Terran Terran
  • League: Master
  • Spawn Location: 3:00

VOD

Have the link to the VOD?

Description

Time

  • Played on: July 31, 2019, 12:11 p.m.
  • Length: 12:38
Show
View Real Time Build Order
Export as new Build Order

Mez Terran - Winner!

Build Orders: Reaper Expand 

Get SALT Encoding   

  12  0:00  SCV  
  13  0:13  SCV  
  14  0:18  Supply Depot  
  14  0:25  SCV  
  15  0:40  SCV  
  15  0:41  Barracks  
  16  0:47  Refinery  
  16  0:52  SCV  
  17  1:04  SCV  
  18  1:20  SCV  
  19  1:30  Reaper  
  19  1:32  Orbital Command  
  20  1:42  Command Center  
  20  1:53  Barracks  
  20  1:58  SCV  
  21  2:03  Reaper  
  21  2:06  Supply Depot  
  22  2:13  SCV  
  23  2:20  Barracks  
  23  2:28  SCV  
  24  2:38  Barracks Reactor  
  24  2:40  SCV  
  25  2:46  Barracks Tech Lab  
  25  2:52  SCV  
  25  2:54  Orbital Command  
  26  3:00  Bunker  
  26  3:06  Concussive Shells, SCV, Marauder  
  26  3:12  Marine  
  30  3:15  Marine x2  
  32  3:21  SCV x2  
  32  3:27  Supply Depot  
  34  3:31  Engineering Bay  
  34  3:33  Marine  
  34  3:34  Marine x2  
  36  3:36  SCV  
  36  3:37  SCV  
  39  3:46  Marauder  
  41  3:48  SCV  
  41  3:49  SCV  
  41  3:50  Stimpack  
  43  3:57  Supply Depot  
  43  4:01  Marine x3  
  44  4:23  Marine x4  
  38  4:39  SCV x2  
  38  4:43  Command Center  
  36  4:53  Marine  
  36  4:54  Marine x2  
  36  4:56  SCV  
  36  4:57  SCV  
  36  4:58  Terran Infantry Weapons Level 1  
  36  5:09  Marine  
  36  5:11  Marine x2  
  36  5:12  Marine  
  37  5:17  SCV x2  
  34  5:29  SCV x2  
  36  5:41  SCV  
  36  5:42  Marine x2  
  39  5:43  SCV  
  39  5:48  Marauder  
  42  5:53  Factory, SCV  
  43  5:59  Refinery x2  
  38  6:19  SCV  
  38  6:20  SCV, Marine x4  
  44  6:29  Orbital Command  
  44  6:32  SCV x2  
  46  6:37  Barracks  
  46  6:38  Barracks, Factory Reactor  
  46  6:39  Starport  
  46  6:44  SCV x2  
  48  6:49  Orbital Command  
  48  6:52  Marine x2  
  48  6:53  Marine x2  
  52  6:56  SCV x2, Combat Shield  
  54  7:08  SCV x2  
  56  7:10  Marine x2  
  56  7:15  Terran Infantry Armor Level 1  
  58  7:20  SCV x2  
  58  7:22  SCV  
  61  7:30  Medivac x2  
  61  7:32  SCV x2, Marine  
  61  7:33  Marine x5  
  61  7:34  SCV  
  74  7:40  Supply Depot  
  74  7:42  Supply Depot  
  74  7:44  SCV x2  
  74  7:49  SCV  
  77  7:53  Barracks Reactor  
  77  7:54  Barracks Reactor x2  
  77  7:57  Refinery  
  77  8:02  SCV x3, Marine  
  80  8:13  Marine x2  
  80  8:14  SCV, Medivac  
  80  8:15  Medivac  
  80  8:18  Supply Depot  
  87  8:20  Command Center, Marine  
  87  8:21  Supply Depot  
  86  8:31  Marine x2  
  88  8:41  Missile Turret  
  88  8:42  SCV  
  88  8:43  SCV x2  
  88  8:46  Marine  
  88  8:47  Marine x6  
  98  8:48  Medivac  
  98  8:49  Marine x2, Medivac  
  98  8:55  SCV  
  105  8:57  SCV x2  
  105  9:02  Supply Depot  
  107  9:04  Marine x2, Supply Depot  
  109  9:12  Engineering Bay, Armory  
  109  9:22  Supply Depot  
  109  9:24  SCV x3, Marine  
  113  9:27  Marine  
  113  9:28  Marine x7  
  120  9:41  Marine  
  120  9:43  Missile Turret  
  120  9:44  Supply Depot  
  120  9:45  Marine x2  
  123  9:55  Marine  
  123  9:56  Marine x5  
  123  9:59  Marine  
  130  10:03  Marine  
  130  10:08  Marine  
  130  10:11  Medivac x2  
  130  10:13  Marine  
  130  10:14  Marine x5  
  140  10:17  Marine  
  140  10:21  Planetary Fortress, Marine  
  142  10:25  Marine  
  142  10:31  Marine  
  141  10:37  Missile Turret  
  141  10:41  Marine x3  
  141  10:42  Marine x4  
  148  10:43  Marine  
  148  10:45  Missile Turret  
  148  10:47  SCV x3  
  152  10:53  Supply Depot  
  152  10:54  Supply Depot  
  151  10:59  SCV x3  
  154  11:06  SCV  
  154  11:11  SCV, Supply Depot  
  156  11:13  Supply Depot  
  156  11:15  SCV x2  
  156  11:18  SCV  
  159  11:21  Marine x9  
  159  11:23  SCV  
  159  11:25  Medivac x2  
  166  11:27  SCV x2  
  166  11:31  SCV  
  161  11:35  SCV  
  161  11:39  SCV x2  
  162  11:45  Marine x9  
  159  12:03  SCV x2, Marine x8  
  159  12:05  SCV x2  
  159  12:08  Barracks x2  
  164  12:09  Barracks  
  145  12:15  SCV  
Show
View Real Time Build Order
Export as new Build Order

Anextacy Terran 

Build Orders: Liberator Opening 

Get SALT Encoding   

  12  0:00  SCV  
  13  0:12  SCV  
  14  0:18  Supply Depot  
  14  0:25  SCV  
  15  0:35  Refinery  
  15  0:42  Barracks  
  15  0:45  SCV  
  16  0:55  Refinery  
  16  0:57  SCV  
  17  1:09  SCV  
  18  1:21  SCV  
  19  1:30  Reaper  
  20  1:33  Orbital Command  
  20  1:46  Factory  
  20  2:02  Barracks Reactor, SCV  
  20  2:04  Supply Depot  
  21  2:14  SCV  
  22  2:40  Starport  
  22  2:42  Marine x2, Factory Tech Lab  
  24  2:44  SCV  
  24  2:50  Supply Depot  
  25  2:56  SCV  
  26  3:00  Cyclone  
  26  3:01  Liberator  
  29  3:09  SCV  
  29  3:11  Marine x2  
  32  3:15  Supply Depot  
  35  3:22  SCV  
  36  3:38  Cyclone  
  39  3:43  Liberator  
  42  4:08  Command Center  
  42  4:09  Marine x2  
  36  4:25  SCV  
  36  4:30  Command Center  
  37  4:39  Liberator  
  37  4:40  Barracks  
  37  4:46  Cyclone  
  40  5:18  SCV  
  37  5:26  Orbital Command  
  37  5:30  SCV, Barracks Tech Lab  
  37  5:31  Engineering Bay x2  
  37  5:35  Starport  
  38  5:38  Liberator  
  38  5:42  SCV  
  39  5:45  Siege Tank, Marine  
  39  5:46  Marine  
  44  5:54  SCV  
  48  6:04  SCV  
  48  6:06  SCV, Marine x2  
  51  6:18  Orbital Command  
  42  6:19  Marine  
  42  6:20  Stimpack  
  42  6:23  Starport Reactor  
  42  6:24  Marine x2  
  45  6:27  SCV  
  45  6:29  SCV  
  47  6:33  Refinery  
  47  6:36  Terran Infantry Weapons Level 1  
  47  6:38  Refinery, Liberator  
  47  6:39  SCV, Marine  
  48  6:41  Marine  
  48  6:46  Marine  
  51  6:50  SCV  
  51  6:52  SCV x2  
  51  6:57  Marine, Orbital Command  
  51  6:59  Marine  
  56  7:07  Marine  
  57  7:11  Terran Infantry Armor Level 1  
  57  7:13  SCV  
  57  7:15  Marine  
  58  7:17  Marine  
  58  7:20  Barracks  
  58  7:21  Barracks  
  60  7:24  SCV x2  
  60  7:25  Marine  
  60  7:27  Medivac  
  65  7:33  Marine  
  65  7:35  Marine  
  67  7:38  Fusion Core, Starport Tech Lab  
  67  7:41  SCV x2  
  67  7:42  SCV  
  70  7:44  Refinery, Marine  
  70  7:51  Marine  
  72  7:53  SCV x2  
  72  7:54  SCV  
  74  8:05  SCV  
  74  8:07  Armory, Marine x2  
  74  8:09  Barracks Reactor x2, Marine  
  74  8:12  Supply Depot  
  77  8:14  Supply Depot x2  
  77  8:33  Siege Tank, SCV, Marine x2  
  77  8:34  Supply Depot  
  83  8:39  Battlecruiser  
  83  8:41  Combat Shield  
  89  8:42  Marine  
  89  8:43  SCV  
  89  8:44  SCV  
  89  8:46  SCV  
  93  8:49  Supply Depot  
  93  8:51  Refinery, Marine x2  
  93  8:55  SCV, Supply Depot  
  96  9:04  Marine x2  
  96  9:05  Marine, Medivac x2  
  103  9:12  Terran Infantry Weapons Level 2  
  103  9:16  Terran Infantry Armor Level 2  
  103  9:18  SCV  
  103  9:19  SCV  
  103  9:21  Marine x2, Supply Depot  
  107  9:24  Supply Depot  
  107  9:30  Marine x2  
  107  9:31  Marine x2  
  110  9:37  SCV  
  112  9:48  SCV  
  112  9:51  SCV  
  113  10:04  Command Center  
  103  10:21  SCV x2  
  103  10:24  SCV  
  112  10:30  Starport  
  112  10:33  SCV x2  
  112  10:34  Marine  
  112  10:35  Marine x2  
  114  10:36  SCV  
  114  10:37  Marine x4  
  114  10:38  Siege Tank  
  114  10:40  Liberator x2  
  122  10:43  Terran Vehicle Weapons Level 1  
  122  10:45  SCV x2  
  122  10:47  Armory  
  124  10:52  Marine x3  
  124  10:54  Marine  
  124  10:55  Marine  
  124  10:56  Marine x2  
  125  10:58  SCV  
  128  11:06  Barracks  
  128  11:08  Barracks  
  128  11:10  Marine x3  
  129  11:12  Marine, Barracks  
  129  11:13  Marine  
  129  11:14  Marine  
  132  11:25  Liberator x2  
  126  11:26  Marine  
  126  11:28  Marine x3  
  126  11:30  Marine  
  124  11:37  Marine  
  122  11:41  Siege Tank  
  122  11:45  SCV  
  122  11:46  SCV  
  120  12:15  Marine x2  
Tags
 
Add a new tag
Caveats
  • Supply blocks, unpowered buildings, or Contaminate may cause inaccurate times.
  • Supply counts are checked every 10 seconds.